 Dungeon Crawl Stone Soup version 0.28-a0-991-g956f0ee3d5 (webtiles) character file.

Game seed: 11274968442064009329

3796 Lavandula the Quickloader (level 10, -5/80 (88) HPs)
             Began as a Naga Arcane Marksman on Dec 5, 2021.
             Was a Follower of Fedhas.
             Slain by a two-headed ogre (16 damage)
             ... on level 9 of the Dungeon.
             The game lasted 00:21:43 (12016 turns).

Lavandula the Quickloader (Naga Arcane Marksman)   Turns: 12016, Time: 00:21:43

HP:   -5/80 (88)    AC:  5    Str: 16    XL:     10   Next: 16%
MP:   10/11         EV: 10    Int: 14    God:    Fedhas [*.....]
Gold: 379           SH:  5    Dex: 12    Spells: 3/11 levels left

rFire   . . .      SeeInvis +   a - +0 hand crossbow
rCold   . . .      Faith    .   (no shield)
rNeg    . . .      Spirit   .   d - +0 robe
rPois   +          Reflect  +   t - +0 helmet
rElec   .          Harm     .   H - scarf {+Inv}
rCorr   .          Rampage  .   (no gloves)
Will    +....                   (no barding)
Stlth   +.........              k - amulet of reflection
HPRegen 0.23/turn               (no ring)
MPRegen 0.12/turn               (no ring)

@: short of breath, very slightly contaminated, drained, invisible (expiring),
very slow
A: AC +3, large, see invisible, deformed body, poison resistance, slowness 2,
spit poison 1, naga tail 1
a: Spit Poison, Renounce Religion, Evoke Invisibility


You were on level 9 of the Dungeon.
You worshipped Fedhas.
Fedhas was aware of your devotion.
You visited 2 branches of the dungeon, and saw 10 of its levels.

You collected 488 gold pieces.
You spent 109 gold pieces at shops.

Inventory:

Hand Weapons
 a - a +0 hand crossbow (weapon)
 l - a +3 morningstar of freezing
 o - a +0 flail of draining
 q - a +3 spear of venom
 r - a +2 whip of freezing
 s - a +0 arbalest
 v - the +0 dagger "Killer Bee's Peril" {flame, rCorr Dex+2 SInv}
   (You found it on level 5 of the Dungeon)

   It burns those it strikes, dealing additional fire damage.
   Dex:       It affects your dexterity (+2).
   SInv:      It lets you see invisible.
   rCorr:     It protects you from acid and corrosion.
Missiles
 c - 38 poisoned darts
 f - 3 atropa-tipped darts
 A - 25 bolts (quivered ammo)
Armour
 d - a +0 robe (worn)
 t - a +0 helmet (worn)
 z - a +0 buckler
 H - a scarf of invisibility (worn)
Jewellery
 k - an amulet of reflection (around neck)
 G - a ring of protection from fire
Wands
 y - a wand of flame (28)
Scrolls
 g - a scroll of immolation
 i - 2 scrolls of enchant weapon {unknown}
 m - a scroll of enchant armour {unknown}
 p - 2 scrolls of blinking
 w - 2 scrolls of identify
 C - a scroll of summoning
 D - a scroll of silence
 E - a scroll of fog {unknown}
 F - a scroll of vulnerability {unknown}
 I - a scroll of teleportation {unknown}
 K - a scroll of amnesia {unknown}
Potions
 b - a potion of degeneration {unknown}
 e - 4 potions of brilliance
 h - 2 potions of attraction
 j - a potion of flight {unknown}
 n - 3 potions of invisibility {unknown}
 u - a potion of mutation {unknown}
 x - 4 potions of curing
 B - a potion of haste
 J - a potion of resistance


   Skills:
 - Level 5.4 Fighting
 - Level 4.4 Maces & Flails
 - Level 3.2 Polearms
 - Level 10.0 Crossbows
 - Level 2.1 Throwing
 - Level 1.5 Dodging
 - Level 1.0 Spellcasting
 - Level 3.0 Hexes
 + Level 4.2 Evocations


You had 3 spell levels left.
You knew the following spells:

 Your Spells              Type           Power      Damage    Failure   Level
a - Slow                  Hex            36%        N/A       8%          1
b - Inner Flame           Hex/Fire       4%         N/A       38%         3
c - Cause Fear            Hex            4%         N/A       58%         4

Your spell library contained the following spells:

 Spells                   Type           Power      Damage    Failure   Level
 Corpse Rot               Necr/Air       0%         N/A       36%         2
 Portal Projectile        Hex/Tloc       8%         N/A       38%         3
 Dispel Undead            Necr           0%         3d6       95%         4
 Death Channel            Necr           0%         N/A       100%        6


Dungeon Overview and Level Annotations

Branches:
Dungeon (9/15)             Temple (1/1) D:7
   Lair: D:8-11         Orc: D:9-12

Altars:
Ashenzari
Cheibriados
Elyvilon
Fedhas
Gozag
Hepliaklqana
Kikubaaqudgha
Makhleb
Nemelex Xobeh
Okawaru
Qazlal
Ru
Sif Muna
Trog
Uskayaw
Vehumet
Wu Jian
Xom
Yredelemnul
Zin
The Shining One

Shops:
D:2 *   D:8 *


Innate Abilities, Weirdness & Mutations

Your serpentine skin is tough. (AC +3)
You have supernaturally acute eyesight. (SInv)
Armour fits poorly on your strangely shaped body.
Your system is resistant to poisons. (rPois)
You cover ground very slowly.
You can spit poison.
You have a snake-like lower body.


Message History

You shoot a bolt.
The bolt hits the two-headed ogre but does no damage.
The two-headed ogre is lightly wounded.
You shoot a bolt. The bolt hits the two-headed ogre!
The two-headed ogre is moderately wounded.
The two-headed ogre barely misses you. The two-headed ogre closely misses you.
You shoot a bolt.
The bolt completely misses the two-headed ogre.
The two-headed ogre hits you with a +0 dire flail!!
The two-headed ogre hits you with a +0 giant club.
You shoot a bolt. The bolt hits the two-headed ogre!
The two-headed ogre is heavily wounded.
You shoot a bolt.
The bolt hits the two-headed ogre but does no damage.
The two-headed ogre is heavily wounded.
The two-headed ogre hits you with a +0 dire flail!
The two-headed ogre hits you with a +0 giant club!!
You are too injured to fight recklessly!
Unknown command.
You have got your breath back.
Unknown command.
Okay, then.
Press: ? - help, Shift-Dir - straight line, f/p - two-headed ogre
Aim: a two-headed ogre, wielding a +0 dire flail and a +0 giant club (severely wounded, poisoned)
The splash of poison hits the two-headed ogre.
The two-headed ogre looks even sicker.
The two-headed ogre is severely wounded.
You flicker for a moment.
The two-headed ogre hits you with a +0 dire flail!
* * * LOW HITPOINT WARNING * * *
You block the two-headed ogre's attack.
Okay, then.
Fire: 26 bolts
Press: ? - help, Q - select action, (/) - cycle Shift-Dir - straight line, f/p - two-headed ogre
Aim: a two-headed ogre, wielding a +0 dire flail and a +0 giant club (severely wounded, very poisoned, 80% to hit)
You shoot a bolt. The bolt hits the two-headed ogre.
The two-headed ogre is severely wounded.
The two-headed ogre hits you with a +0 dire flail!
You die...
Fedhas appreciates your contribution to the ecosystem.

.##.......... .
............ ..
#...........
.#........... #..
.(.......... ...
#(......... #.#
#.(........ # #.#
##O....... .## #.##
##@........ ...##
#..#####..........
.....###.##.##...........
#.....#..................
##.#...#.###....#.#.#..>
#....##### ##....##.#..#
##.....#######.......# ##
#.....................
........#...#.........


You could see a two-headed ogre (very poisoned).

Vanquished Creatures
  A gargoyle (D:8)
  A steam dragon (D:7)
  Duvessa (D:6)
  3 water moccasins
  Pargi (D:3)
  3 black bears
  An orc warrior (D:8)
  A sky beast (D:6)
  3 ogres
  A necrophage (D:7)
  A hornet zombie (D:6)
  A centaur (D:6)
  2 kobold brigands (D:8)
  4 bullfrogs
  3 scorpions
  A gnoll sergeant (D:7)
  Dowan (D:7)
  4 wights
  2 howler monkeys (D:7)
  3 hounds
  2 bullfrog zombies
  7 orc priests
  A jelly (D:5)
  A centaur skeleton (D:7)
  A gnoll shaman (D:4)
  Ijyb (D:5)
  2 iguanas
  4 orc wizards
  Natasha (thrice) (D:3)
  A hound skeleton (D:5)
  Robin (D:3)
  A howler monkey skeleton (D:7)
  A howler monkey zombie (D:6)
  10 gnolls
  4 adders
  A shadow imp (D:7)
  An ufetubus (D:5)
  An adder skeleton (D:5)
  A dart slug (D:3)
  23 orcs
  5 bats
  4 endoplasms
  2 giant cockroaches
  17 goblins
  10 hobgoblins
  5 quokkas
  5 ball pythons
  3 frilled lizards
  17 kobolds
  7 rats
180 creatures vanquished.

Notes
Turn   | Place    | Note
-------+----------+-------------------------------------------
     0 | D:1      | Lavandula the Naga Arcane Marksman began the quest for the
                  | Orb.
     0 | D:1      | Reached XP level 1. HP: 18/18 MP: 2/2
    62 | D:1      | Reached skill level 2 in Crossbows
   388 | D:1      | Reached XP level 2. HP: 25/25 MP: 3/3
   676 | D:1      | Found a faded altar of an unknown god.
  1119 | D:2      | Reached skill level 3 in Crossbows
  1144 | D:2      | Found Ceuduil's Assorted Antiques.
  1151 | D:2      | Reached XP level 3. HP: 31/31 MP: 4/4
  1814 | D:2      | Reached XP level 4. HP: 16/38 MP: 5/5
  2101 | D:2      | Bought a scroll labelled ANEREU SEINYFE for 23 gold pieces
  2139 | D:3      | Noticed Robin
  2175 | D:3      | Reached skill level 4 in Crossbows
  2257 | D:3      | Killed Robin
  2272 | D:3      | Found a white marble altar of Elyvilon.
  2281 | D:3      | Reached XP level 5. HP: 25/44 MP: 6/6
  2289 | D:3      | Reached skill level 5 in Crossbows
  2604 | D:3      | Found a snail-covered altar of Cheibriados.
  2677 | D:3      | Found a hide-covered altar of Uskayaw.
  2678 | D:3      | Found a burning altar of Makhleb.
  2683 | D:3      | Found an ancient bone altar of Kikubaaqudgha.
  2858 | D:3      | Noticed Natasha
  2869 | D:3      | Killed Natasha
  2870 | D:3      | Reached XP level 6. HP: 20/51 MP: 7/7
  3145 | D:3      | Noticed Natasha
  3150 | D:3      | Killed Natasha
  3180 | D:3      | Noticed Pargi
  3310 | D:3      | Killed Pargi
  3311 | D:3      | Reached skill level 6 in Crossbows
  3561 | D:2      | Bought a scroll labelled KIEFIG SUETWO for 23 gold pieces
  3561 | D:2      | Bought a scroll labelled KERREIPPELEE for 23 gold pieces
  3854 | D:4      | Reached XP level 7. HP: 31/57 MP: 8/8
  4092 | D:4      | Reached skill level 7 in Crossbows
  4280 | D:3      | Noticed Natasha
  4285 | D:3      | Killed Natasha
  4781 | D:5      | Entered Level 5 of the Dungeon
  4845 | D:5      | Found a radiant altar of Vehumet.
  4931 | D:5      | Identified the +0 dagger "Killer Bee's Peril" {flame, rCorr
                  | Dex+2 SInv}
  5133 | D:2      | Bought an orange potion for 20 gold pieces
  5133 | D:2      | Bought a grey potion for 20 gold pieces
  5215 | D:5      | Reached skill level 1 in Maces & Flails
  5595 | D:5      | Found a shimmering altar of Xom.
  5625 | D:5      | Noticed Ijyb
  5636 | D:5      | Killed Ijyb
  5858 | D:5      | Reached XP level 8. HP: 64/64 MP: 9/9
  6139 | D:5      | Found a stormy altar of Qazlal.
  6254 | D:6      | Noticed a troll
  6378 | D:6      | Reached skill level 8 in Crossbows
  6854 | D:6      | Reached skill level 9 in Crossbows
  7047 | D:6      | Learned a level 3 spell: Inner Flame
  7052 | D:6      | Learned a level 4 spell: Cause Fear
  7471 | D:7      | Noticed Duvessa
  7471 | D:7      | Noticed Dowan
  7537 | D:7      | Found a staircase to the Ecumenical Temple.
  7550 | D:7      | Reached XP level 9. HP: 56/70 MP: 10/10
  7793 | D:7      | Reached skill level 10 in Crossbows
  8187 | Temple   | Entered the Ecumenical Temple
  8721 | Temple   | Became a worshipper of Fedhas Madash
  8941 | D:7      | Killed Dowan
  8942 | D:7      | Reached skill level 5 in Fighting
  9012 | D:6      | Killed Duvessa
  9463 | D:7      | Reached skill level 1 in Throwing
  9810 | D:7      | Found a sparkling altar of Nemelex Xobeh.
 10066 | D:7      | Reached skill level 1 in Polearms
 10231 | D:7      | Found a broken altar of Ashenzari.
 10589 | D:8      | Noticed a gargoyle
 10603 | D:8      | Killed a gargoyle
 10604 | D:8      | Reached XP level 10. HP: 28/88 MP: 11/11
 11340 | D:8      | Found Zin's Purification Station.
 11341 | D:8      | Found a glowing silver altar of Zin.
 11731 | D:8      | Reached * piety under Fedhas
 11928 | D:9      | Noticed a two-headed ogre
 11980 | D:9      | Found an ornate altar of the Wu Jian Council.
 12006 | D:9      | Noticed a two-headed ogre
 12016 | D:9      | Slain by a two-headed ogre

Illustrated notes

Levels and vault maps discovered:
D:1:      dpeg_arrival_rooms_b, layout_loops_corners,
          hellmonk_ecumenical_altar_pennies_from_heaven
D:2:      layout_loops_ring, serial_shops, shop
D:3:      layout_rooms, mainiacjoe_overflow_tiny_flanked,
          mainiacjoe_overflow_surrounded_room, minitemple, uniq_natasha,
          uniq_robin, uniq_pargi
D:4:      layout_loops_ring
D:5:      layout_basic, mainiacjoe_overflow_concentric_impassable,
          nicolae_overflow_crystal_walls, nicolae_qazlal_eye_of_the_storm,
          uniq_ijyb
D:6:      layout_rooms, nicolae_fountain_basement
D:7:      layout_cave_pools, amcnicky_altar_gilded,
          mainiacjoe_overflow_alcove_1, minmay_temple_entry_sparse_star,
          st_stairs_3, minmay_circle_x, uniq_duvessa
D:8:      layout_layer_cave, zin_purify, hangedman_abyss_or_decor_clamps
D:9:      layout_cave_pools, mainiacjoe_overflow_cross_hatched
Temple:   compressed_dpeg_triangle_lava_temple

Skill      XL: |  1  2  3  4  5  6  7  8  9 10 |
---------------+-------------------------------+-----
Crossbows      | 2 3 4 5 6 7 9 10 | 10.0
Maces & Flails | 3 4 |  4.4
Fighting       | 5 |  5.4
Throwing       | 2 |  2.1
Polearms       | 3 |  3.2
Evocations     | 3 4 |  4.2
Dodging        | |  1.5
Spellcasting   | |  1.0
Hexes          | |  3.0

Action                   |  1- 3 |  4- 6 |  7- 9 | 10-12 || total
-------------------------+-------+-------+-------+-------++-------
Melee: Flail             |       |     6 |       |       ||     6
       Whip              |       |       |    57 |       ||    57
       Spear             |       |       |    35 |       ||    35
 Fire: Hand crossbow     |    83 |   125 |   251 |    58 ||   517
Throw: Dart              |       |       |     7 |       ||     7
 Cast: Slow              |       |     1 |       |       ||     1
       Inner Flame       |       |       |       |     1 ||     1
 Abil: Spit Poison       |    15 |    18 |    36 |     9 ||    78
       Evoke Invisibilit |       |       |       |     1 ||     1
Evoke: Wand              |       |       |    18 |       ||    18
  Use: Potion            |       |     2 |     6 |       ||     8
       Scroll            |       |     1 |     9 |       ||    10
Armor: Robe              |     9 |    18 |    57 |     5 ||    89
       Skin              |       |     8 |    10 |       ||    18
Dodge: Dodged            |    18 |    28 |   100 |    10 ||   156
Block: Other             |       |       |    44 |     7 ||    51
       Reflection        |       |       |     4 |     2 ||     6

Table legend: (Time is in decaauts)
 A = Elapsed time spent in this place.
 B = Non-inter-level travel time spent in this place.
 C = Inter-level travel time spent in this place.
 D = Time resting spent in this place.
 E = Time spent auto-exploring this place.
 F = Levels seen in this place.
 G = Mean time per level.
                   A        B        C        D        E       F      G
               +--------+--------+--------+--------+--------+-----+--------+
         Total |  14505 |  13169 |   1336 |   3471 |   7707 |  10 | 1450.5 |
       Dungeon |  13823 |  12487 |   1336 |   3471 |   7153 |   9 | 1535.9 |
        Temple |    681 |    681 |      0 |      0 |    553 |   1 |  681.0 |
               +--------+--------+--------+--------+--------+-----+--------+

Top non-repeatable levels by time:
     D:6: 2398 daAuts
     D:8: 1993 daAuts
     D:3: 1932 daAuts
     D:5: 1794 daAuts
     D:7: 1551 daAuts
     D:2: 1413 daAuts
     D:1: 1395 daAuts
     D:4: 1269 daAuts
  Temple: 681 daAuts
     D:9: 74 daAuts
